 Dungeon Crawl Stone Soup version 0.28-a0-500-g121bc3e445 (webtiles) character file.

Game seed: 2701617249105234791

438 speeev33 the Vandal (level 6, -1/56 HPs)
             Began as a Minotaur Hunter on Sept 19, 2021.
             Succumbed to Duvessa's poison
             ... on level 4 of the Dungeon.
             The game lasted 00:07:29 (3823 turns).

speeev33 the Vandal (Minotaur Hunter)               Turns: 3823, Time: 00:07:30

Health: -1/56      AC:  9    Str: 18    XL:     6   Next: 69%
Magic:  3/5        EV: 10    Int:  8    God:
Gold:   290        SH:  0    Dex: 11    Spells: 5/5 levels left

rFire   . . .      SeeInvis .   b - +2 dagger (venom)
rCold   . . .      Faith    .   (no shield)
rNeg    . . .      Spirit   +   i - +1 scale mail
rPois   .          Reflect  .   (helmet restricted)
rElec   .          Harm     .   (no cloak)
rCorr   .          Rampage  .   (no gloves)
Will    .....                   k - +0 pair of boots
Stlth   ..........              e - amulet of guardian spirit
HPRegen 0.18/turn               (no ring)
MPRegen 0.09/turn               (no ring)

@: lethally poisoned (-1 -> -35)
A: horns 2, retaliatory headbutt
a: no special abilities


You were on level 4 of the Dungeon.
You visited 1 branch of the dungeon, and saw 4 of its levels.

You collected 290 gold pieces.

Inventory:

Hand Weapons
 a - a +1 hunting sling
 b - a +2 dagger of venom (weapon)
Missiles
 c - a throwing net (quivered)
 d - 15 sling bullets
 f - 102 stones
 l - 8 poisoned darts
Armour
 i - a +1 scale mail (worn)
 k - a +0 pair of boots (worn)
Jewellery
 e - an amulet of guardian spirit (around neck)
 m - a ring of see invisible
 n - an amulet of faith
Wands
 p - a wand of paralysis (9)
Scrolls
 j - a scroll of teleportation
Potions
 o - a potion of attraction {unknown}


   Skills:
 + Level 5.4 Fighting
 + Level 6.2 Slings
 + Level 4.5 Armour
 - Level 2.1 Dodging
 - Level 0.7 Stealth


You had 5 spell levels left.
You didn't know any spells.
Your spell library contained the following spells:

 Spells                   Type           Power      Damage    Failure   Level
 Slow                     Hex            0%         N/A       89%         2
 Sublimation of Blood     Necr           0%         N/A       89%         2
 Wereblood                Tmut           0%         N/A       89%         2
 Confusing Touch          Hex            0%         N/A       98%         3
 Vampiric Draining        Necr           0%         2d6       98%         3
 Summon Hydra             Summ           0%         N/A       100%        7


Dungeon Overview and Level Annotations

Branches:
Dungeon (4/15)
 Temple: D:4-7

Altars:
Kikubaaqudgha
Nemelex Xobeh

Annotations:
D:4 2 runed translucent doors, AttackTheMoon's ghost, amateur OpBe; Crazy Yiuf; Dowan; Duvessa


Innate Abilities, Weirdness & Mutations

You have a pair of horns on your head.
You reflexively headbutt those who attack you in melee.


Message History

Fire: 17 sling bullets
Press: ? - help, Q - select action, (/) - cycle Shift-Dir - straight line, f/p - Duvessa
Aim: Duvessa, wielding a +2 short sword of venom and wearing a +0 chain mail (severely wounded, fast, 73% to hit)
You shoot a sling bullet.
The sling bullet closely misses Duvessa.
You feel very sick.
Duvessa hits you with a +2 short sword of venom.
You are lethally poisoned!
Dowan mumbles some strange words.
Dowan blinks!
Fire: 16 sling bullets
Press: ? - help, Q - select action, (/) - cycle Shift-Dir - straight line, f/p - Duvessa
Aim: Duvessa, wielding a +2 short sword of venom and wearing a +0 chain mail (severely wounded, fast, 73% to hit)
You shoot a sling bullet.
The sling bullet hits Duvessa but does no damage.
Duvessa is severely wounded.
* * * LOW HITPOINT WARNING * * *
You feel very sick.
Duvessa drinks a potion.
Duvessa is healed!
Dowan gestures wildly while chanting.
Dowan blinks!
It was a potion of haste.
You feel yourself speed up.
* * * LOW HITPOINT WARNING * * *
You feel very sick. Duvessa hits you but does no damage.
You are more poisoned.
Duvessa says, "My weaknesses are his strengths!"
Duvessa hits you with a +2 short sword of venom.
* * * LOW HITPOINT WARNING * * *
You are more poisoned.
Unknown command.
Your +2 dagger of venom begins to drip with poison!
b - a +2 dagger of venom (weapon)
* * * LOW HITPOINT WARNING * * *
You feel sick.
It was a potion of cancellation.
Your magical effects are unravelling.
You feel magically purged.
You feel yourself slow down.
You die...

###### ##..... ##
##.#.#.#
#######.#########.##.##.
.(...ee#................
#@#.........##.##.
###.##..###..#.#.#
###.##..###.#...##
#...).....#.##.#..
....###...#.##.#.#
..>............#.#
#..#.####..#.##.#.# .
####..#.##.#.#
..............


You could see Duvessa (fast) and Dowan.

Vanquished Creatures
  Menkaure (D:4)
  A phantom (D:4)
  An orc priest (D:3)
  An orc wizard (D:3)
  Robin (D:3)
  3 gnolls (D:2)
  6 adders
  3 dart slugs
  6 orcs
  6 endoplasms
  5 giant cockroaches
  16 goblins
  6 hobgoblins
  7 kobolds
  2 quokkas
  5 ball pythons
  3 bats (D:1)
  A frilled lizard (D:1)
  11 rats
85 creatures vanquished.

Vanquished Creatures (others)
  5 fungi (D:2)
  2 plants (D:2)
  2 withered plants (D:4)
9 creatures vanquished.

Grand Total: 94 creatures vanquished

Notes
Turn   | Place    | Note
-------+----------+-------------------------------------------
     0 | D:1      | speeev33 the Minotaur Hunter began the quest for the Orb.
     0 | D:1      | Reached XP level 1. HP: 18/18 MP: 0/0
   217 | D:1      | Reached skill level 1 in Armour
   220 | D:1      | Reached XP level 2. HP: 25/25 MP: 1/1
   849 | D:1      | Reached XP level 3. HP: 31/31 MP: 2/2
  1327 | D:2      | Reached skill level 5 in Slings
  1330 | D:2      | Reached XP level 4. HP: 11/38 MP: 0/3
  1572 | D:2      | Found an ancient bone altar of Kikubaaqudgha.
  2071 | D:2      | Found a faded altar of an unknown god.
  2229 | D:3      | Reached XP level 5. HP: 46/46 MP: 4/4
  2302 | D:3      | Identified the +2 helmet of Sunlight {-Tele rElec Will+++
                  | Dex-2}
  2302 | D:3      | Noticed Robin
  2312 | D:3      | Killed Robin
  2552 | D:3      | Found a sparkling altar of Nemelex Xobeh.
  3037 | D:4      | Found a runed translucent door.
  3037 | D:4      | Noticed AttackTheMoon's ghost (amateur OpBe)
  3050 | D:4      | Noticed Menkaure
  3058 | D:4      | Killed Menkaure
  3059 | D:4      | Reached skill level 5 in Fighting
  3059 | D:4      | Reached skill level 6 in Slings
  3059 | D:4      | Reached XP level 6. HP: 56/56 MP: 5/5
  3669 | D:4      | Found a runed translucent door.
  3670 | D:4      | Noticed Crazy Yiuf
  3808 | D:4      | Noticed Duvessa
  3809 | D:4      | Noticed Dowan
  3823 | D:4      | Succumbed to Duvessa's poison

Illustrated notes

Levels and vault maps discovered:
D:1:      nicolae_arrival_somewhat_less_tricky_arrival, layout_basic,
          nrook_mini_backslash
D:2:      layout_basic, shapermc_ecumenical_altar_hornbeckon, basic_altar,
          st_stairs_3
D:3:      layout_rooms, nemelex_diamond_rough_becter, uniq_robin
D:4:      layout_loops_ring, gammafunk_ghost_grave, uniq_duvessa,
          uniq_crazy_yiuf_cottage, uniq_menkaure

Skill      XL: |  1  2  3  4  5 |
---------------+----------------+-----
Armour         | 1 2 3 4 |  4.5
Fighting       | 3 4 5 |  5.4
Slings         | 5 6 |  6.2
Dodging        | |  2.1
Stealth        | |  0.7

Action                   |  1- 3 |  4- 6 || total
-------------------------+-------+-------++-------
Melee: Dagger            |       |    11 ||    11
       Headbutt          |       |     2 ||     2
 Fire: Hunting sling     |    89 |   193 ||   282
  Use: Scroll            |       |     3 ||     3
       Potion            |       |     2 ||     2
Armor: Leather armour    |     3 |       ||     3
       Scale mail        |     3 |    31 ||    34
Dodge: Dodged            |    25 |    37 ||    62

Table legend: (Time is in decaauts)
 A = Elapsed time spent in this place.
 B = Non-inter-level travel time spent in this place.
 C = Inter-level travel time spent in this place.
 D = Time resting spent in this place.
 E = Time spent auto-exploring this place.
 F = Levels seen in this place.
 G = Mean time per level.
                   A        B        C        D        E       F      G
               +--------+--------+--------+--------+--------+-----+--------+
         Total |   3806 |   3704 |    102 |    828 |   2279 |   4 |  951.5 |
       Dungeon |   3806 |   3704 |    102 |    828 |   2279 |   4 |  951.5 |
               +--------+--------+--------+--------+--------+-----+--------+

Top non-repeatable levels by time:
     D:1: 1292 daAuts
     D:3: 1099 daAuts
     D:2: 898 daAuts
     D:4: 515 daAuts
